 Dungeon Crawl Stone Soup version 0.31-a0-263-ge8cad7f256 (webtiles) character file.

Game seed: 15454958240072589655

54 qw the Shooter (level 3, -2/29 HPs)
             Began as a Minotaur Hexslinger on July 13, 2023.
             Slain by a goblin
             ... wielding a +0 club
             ... led by Robin
              (3 damage)
             ... on level 2 of the Dungeon.
             The game lasted 00:00:32 (1122 turns).

qw the Shooter (Minotaur Hexslinger)                Turns: 1122, Time: 00:00:32

Health: -2/29      AC:  3    Str: 12    XL:     3   Next: 66%
Magic:  3/3        EV: 12    Int: 10    God:
Gold:   64         SH:  0    Dex: 14    Spells: 3/4 levels left

rFire   . . .        Y - +1 sling
rCold   . . .        (no shield)
rNeg    . . .        d - +0 leather armour
rPois   +            (helmet restricted)
rElec   .            (no cloak)
rCorr   .            (no gloves)
SInv    .            (no boots)
Will    .....        (no amulet)
Stlth   +            e - ring of poison resistance
HPRegen 0.24/turn    (no ring)
MPRegen 0.08/turn

%: no passive effects
@: about to teleport
A: horns 2, retaliatory headbutt
a: no special abilities


You were on level 2 of the Dungeon.
You visited 1 branch of the dungeon, and saw 2 of its levels.

You collected 64 gold pieces.


Innate Abilities, Weirdness & Mutations

You have a pair of horns on your head.
You reflexively headbutt those who attack you in melee.


   Skills:
 - Level 2.0 Fighting
 + Level 4.2 Ranged Weapons
 - Level 2.1 Dodging
 - Level 1.0 Spellcasting
 - Level 2.0 Hexes


You had 3 spell levels left.
You knew the following spells:

 Your Spells              Type           Power      Damage    Failure   Level
a - Slow                  Hex            16%        N/A       19%         1

Your spell library contained the following spells:

 Spells                   Type           Power      Damage    Failure   Level
 Inner Flame              Hex/Fire       2%         N/A       65%         3
 Portal Projectile        Hex/Tloc       4%         N/A       65%         3
 Cause Fear               Hex            2%         N/A       88%         4

Inventory:

Hand Weapons
 Y - a +1 sling (weapon)
Armour
 d - a +0 leather armour (worn)
Jewellery
 e - a ring of poison resistance (left hand)
Scrolls
 a - a scroll of revelation {unknown}
 i - a scroll of identify
Potions
 f - a potion of berserk rage {unknown}
 g - 2 potions of curing {unknown}

Dungeon Overview and Level Annotations

Branches:
Dungeon (2/15)

Altars:


Message History

You shoot a sling bullet. The sling bullet hits Robin.
Robin is moderately wounded.
Robin hits you with a +0 short sword.
You shoot a sling bullet.
The sling bullet hits Robin but does no damage.
Robin is moderately wounded.
Robin throws the goblin at you! The goblin hits you with a +0 club.
A hobgoblin comes into view.
The goblin hits you with a +0 club.
You shoot a sling bullet. The sling bullet barely misses Robin.
Robin hits you with a +0 short sword. The goblin hits you with a +0 club.
The hobgoblin hits you.
You shoot a sling bullet. The sling bullet hits Robin.
Robin is heavily wounded.
Robin hits you with a +0 short sword. The goblin barely misses you.
The hobgoblin hits you but does no damage.
You shoot a sling bullet. The sling bullet hits Robin.
Robin is severely wounded.
Robin barely misses you. The goblin hits you but does no damage.
The hobgoblin barely misses you.
You shoot a sling bullet. The sling bullet hits Robin.
Robin is almost dead.
Robin hits you with a +0 short sword. The goblin hits you with a +0 club.
The hobgoblin hits you.
You shoot a sling bullet. The sling bullet barely misses Robin.
The goblin no longer looks unusually strong.
Robin closely misses you. The goblin hits you but does no damage.
The hobgoblin hits you. Robin hits you with a +0 short sword.
The goblin hits you but does no damage. The hobgoblin completely misses you.
1121 ||| READING scroll of teleportation.
As you read the scroll of teleportation, it crumbles to dust.
You feel strangely unstable.
The hobgoblin no longer looks unusually strong. x2
Robin hits you but does no damage. The goblin hits you with a +0 club.
The hobgoblin hits you but does no damage.
You shoot a sling bullet. The sling bullet hits Robin.
You kill Robin!
The hobgoblin no longer looks unusually strong.
The goblin hits you with a +0 club.
You die... # .... #.#g #.#g rgg gg

#g #g########
#)@g.....##########
########.##........
#.##.####### #.##.#
##### #.##.# #...#
#.##.# #.#.#
#.##.###.#.#
##......#.#.#
#####...###.#.#.#


You could see 3 hobgoblins, 6 goblins and a rat.

Vanquished Creatures
  Robin (D:2)
  A worm (D:2)
  An orc (D:2)
  6 ball pythons
  4 bats
  7 endoplasms
  A giant cockroach (D:1)
  7 goblins
  8 hobgoblins
  A kobold (D:1)
  3 frilled lizards
  6 rats
46 creatures vanquished.

Notes
Turn   | Place    | Note
-------+----------+-------------------------------------------
     0 | D:1      | qw the Minotaur Hexslinger began the quest for the Orb.
     0 | D:1      | Reached XP level 1. HP: 16/16 MP: 1/1
     0 | D:1      | 0 ||| qw: Version: 0.3-a-52-g30416fa
     0 | D:1      | 0 ||| qw: Game counter: 7071
     0 | D:1      | 0 ||| qw: Melee chars always use a shield: true
     0 | D:1      | 0 ||| qw: God list: Okawaru
     0 | D:1      | 0 ||| qw: Allow faded altars: false
     0 | D:1      | 0 ||| qw: Do Orc after clearing Dungeon:15 true
     0 | D:1      | 0 ||| qw: Do second Lair branch before Depths: true
     0 | D:1      | 0 ||| qw: Lair rune preference: random
     0 | D:1      | 0 ||| qw: Goals: Normal
     0 | D:1      | 0 ||| PLANNING D:1-11
    52 | D:1      | Reached skill level 3 in Ranged Weapons
    68 | D:1      | Reached XP level 2. HP: 19/23 MP: 2/2
   441 | D:1      | Reached XP level 3. HP: 29/29 MP: 3/3
   508 | D:1      | 508 ||| UPGRADING to +0 leather armour.
   518 | D:1      | 518 ||| DROPPING +0 robe.
   519 | D:1      | 519 ||| UPGRADING to ring of poison resistance.
   520 | D:1      | 520 ||| READING 2 scrolls labelled ENACLE MEATTODGH.
   521 | D:1      | 521 ||| READING 2 scrolls labelled ALATIT USSUIJE.
   522 | D:1      | 522 ||| READING scroll labelled CUCUTHRAYSAJ.
   523 | D:1      | 523 ||| READING scroll labelled MUFRIG DYUP.
   524 | D:1      | 524 ||| READING scroll labelled JOUDASCH RACAMI.
   527 | D:1      | 527 ||| DROPPING scroll of noise.
   528 | D:1      | 528 ||| DROPPING scroll of poison.
   762 | D:2      | Reached skill level 4 in Ranged Weapons
   762 | D:2      | 762 ||| FLEEEEING.
   763 | D:2      | 763 ||| FLEEEEING.
   764 | D:2      | 764 ||| FLEEEEING.
   765 | D:2      | 765 ||| FLEEEEING.
   766 | D:2      | 766 ||| FLEEEEING.
   767 | D:2      | 767 ||| FLEEEEING.
   768 | D:2      | 768 ||| FLEEEEING.
   769 | D:2      | 769 ||| FLEEEEING.
   770 | D:2      | 770 ||| FLEEEEING.
   771 | D:2      | 771 ||| FLEEEEING.
   772 | D:2      | 772 ||| FLEEEEING.
   773 | D:2      | 773 ||| FLEEEEING.
   774 | D:2      | 774 ||| FLEEEEING.
  1109 | D:2      | Noticed Robin
  1120 | D:2      | HP: 4/29 [hobgoblin[Robin] (6)]
  1121 | D:2      | 1121 ||| READING scroll of teleportation.
  1121 | D:2      | HP: 1/29 [goblin/+0 club[Robin] (3)]
  1122 | D:2      | Killed Robin
  1122 | D:2      | Slain by a goblin

Levels and vault maps discovered:
D:1:      minmay_arrival_open_corners, layout_basic
D:2:      layout_loops_ring, amcnicky_mini_corridor_feature,
          kennysheep_minor_cross, columned_hall_lemuel, uniq_robin

Skill      XL: |  1  2  3 |
---------------+----------+-----
Ranged Weapons | 3 4 |  4.2
Fighting       | 2 |  2.0
Dodging        | |  2.1
Spellcasting   | |  1.0
Hexes          | |  2.0

Action                     || total
---------------------------++-------
   Fire: Sling             ||   117
    Use: Scroll            ||     6
 Armour: Robe              ||     7
         Leather armour    ||    14
  Dodge: Dodged            ||    38

Table legend:
 A = Non-vault XP
 B = Vault XP
 C = Vault XP percentage of total XP
 D = Non-vault monster count
 E = Vault monster count
 F = Vault count percentage of total count
                 A         B        C        D         E       F
            +---------+---------+-------+---------+---------+-------
      Total |      72 |      21 |  22.6 |      42 |       4 |   8.7
            +---------+---------+-------+---------+---------+-------
        D:1 |      44 |       0 |   0.0 |      27 |       0 |   0.0
        D:2 |      28 |      21 |  42.9 |      15 |       4 |  21.1
            +---------+---------+-------+---------+---------+-------
